 Dungeon Crawl Stone Soup version 0.31-a0-851-g7ff8af7976 (webtiles) character file.

Game seed: 1164494747755188116

530 Getoffmy the Firebug (level 7, -4/46 HPs)
             Began as a Demonspawn Fire Elementalist on Oct 6, 2023.
             Slain by senf's ghost (11 damage)
             ... on level 4 of the Dungeon on Oct 7, 2023.
             The game lasted 00:12:07 (3334 turns).

Getoffmy the Firebug (Demonspawn Fire Elementalist) Turns: 3334, Time: 00:12:07

Health: -4/46      AC:  4    Str:  8    XL:     7   Next: 3%
Magic:  1/12       EV: 17    Int: 19    God:
Gold:   182        SH:  0    Dex: 13    Spells: 10/13 levels left

rFire   . . .        c - +3 dagger (venom)
rCold   . . .        (no shield)
rNeg    . . .        a - +0 robe
rPois   .            (helmet restricted)
rElec   .            t - scarf {harm}
rCorr   .            (no gloves)
SInv    .            (no boots)
Will    .....        j - amulet of regeneration
Stlth   ++           e - +5 ring of evasion
HPRegen 1.07/turn    (no ring)
MPRegen 0.13/turn

%: harm (+30% outgoing, +20% incoming)
@: no status effects
A: horns 2, molten scales 1, demonic guardian 1
a: no special abilities


You were on level 4 of the Dungeon.
You visited 1 branch of the dungeon, and saw 4 of its levels.

You collected 182 gold pieces.

Inventory:

Hand Weapons
 c - a +3 dagger of venom (weapon)
Missiles
 h - 57 stones
Armour
 a - a +0 robe (worn)
 t - a scarf of harm (worn)
Jewellery
 e - a +5 ring of evasion (left hand)
 j - an amulet of regeneration (around neck)
Wands
 m - a wand of polymorph (8)
Scrolls
 d - 2 scrolls of identify {unknown}
 f - a scroll of summoning {unknown}
 k - a scroll of fog {unknown}
 n - a scroll of immolation {unknown}
 o - 2 scrolls of revelation {unknown}
 p - a scroll of blinking {unknown}
 q - a scroll of silence {unknown}
 r - 3 scrolls of poison {unknown}
 u - 2 scrolls of fear {unknown}
 v - a scroll of teleportation {unknown}
Potions
 b - a potion of magic
 g - a potion of resistance {unknown}
 i - 2 potions of curing {unknown}
 l - a potion of mutation {unknown}
 s - a potion of haste {unknown}


   Skills:
 - Level 1.7 Dodging
 - Level 1.7 Stealth
 + Level 3.8 Spellcasting
 + Level 3.7 Conjurations
 * Level 5.5 Fire Magic


You had 10 spell levels left.
You knew the following spells:

 Your Spells              Type           Power      Damage    Failure   Level
a - Foxfire               Conj/Fire      84%        2x1d8     1%          1
b - Scorch                Fire           48%        2d7       2%          2

Your spell library contained the following spells:

 Spells                   Type           Power      Damage    Failure   Level
 Momentum Strike          Conj/Tloc      20%        3d8       10%         2
 Apportation              Tloc           6%         N/A       14%         1
 Inner Flame              Hex/Fire       14%        N/A       14%         3
 Volatile Blastmotes      Fire/Tloc      28%        2d12      14%         3
 Ignite Poison            Fire/Tmut/Pois 10%        N/A       21%         3
 Flame Wave               Conj/Fire      21%        2d8       21%         4
 Blink                    Tloc           6%         N/A       22%         2
 Cigotuvi's Dreadful Rot  Necr/Pois/Air  6%         N/A       22%         2
 Ensorcelled Hibernation  Hex/Ice        6%         N/A       22%         2
 Jinxbite                 Hex            6%         N/A       22%         2
 Lesser Beckoning         Tloc           6%         N/A       22%         2
 Passwall                 Tmut/Erth      2%         N/A       22%         2
 Swiftness                Air            3%         N/A       38%         3
 Freezing Cloud           Conj/Ice/Air   4%         6-21      93%         5
 Alistair's Intoxication  Tmut/Pois      2%         N/A       98%         5


Dungeon Overview and Level Annotations

Branches:
Dungeon (4/15)
 Temple: D:4-7

Altars:
Okawaru

Annotations:
D:4 senf's ghost, novice DsGl


Innate Abilities, Weirdness & Mutations

You have a pair of horns on your head.
You are partially covered in molten scales. (AC +2)
A weak demonic guardian rushes to your aid.


Message History

Senf's ghost is almost destroyed.
Senf's ghost misses you.
Your shadow imp closely misses senf's ghost.
You closely miss senf's ghost. Your headbutt misses senf's ghost.
Senf's ghost is almost destroyed.
Senf's ghost completely misses you.
Your shadow imp completely misses senf's ghost.
You hit senf's ghost but do no damage.
Senf's ghost is almost destroyed.
Senf's ghost closely misses you.
Your shadow imp misses senf's ghost.
You barely miss senf's ghost.
You headbutt senf's ghost, but do no damage.
Senf's ghost is severely damaged.
Senf's ghost hits you.
Your shadow imp misses senf's ghost.
Casting: Foxfire (safe; 1% risk of failure)
Confirm with . or Enter, or press ? or * to list all spells.
You conjure some foxfire!
Senf's ghost hits you!
Your shadow imp misses senf's ghost.
You barely miss senf's ghost. Your headbutt misses senf's ghost.
Senf's ghost is severely damaged.
The foxfire hits senf's ghost but does no damage.
Senf's ghost is severely damaged.
The foxfire hits senf's ghost but does no damage.
Senf's ghost is severely damaged.
Senf's ghost misses you.
Your shadow imp barely misses senf's ghost.
Casting: Foxfire (safe; 1% risk of failure)
Confirm with . or Enter, or press ? or * to list all spells.
You don't have enough magic to cast this spell.
You miss senf's ghost.
Senf's ghost is severely damaged.
Senf's ghost hits you!
* * * LOW HITPOINT WARNING * * *
A demonic guardian appears!
Your shadow imp hits senf's ghost but does no damage.
You barely miss senf's ghost.
Senf's ghost is severely damaged.
Senf's ghost wails, "There is no future for me!"
Senf's ghost hits you!
You die...

......................#
............#.........#
...##...###...........#
######### ##..........#
......######..........##
#####..................####
## ###..######...........##
.#####.....#..#5.######....#
......)#####8$'W@.# #.####
........## #..#..5#####.#
.........# #####........#
.........# #..#####....##
.........# #.## ##>..#
.........# #.# ##.#.#
.........# #.# #..###
........## #.# ###.##
........## #.####...#


You could see senf's ghost (ally target), a friendly white imp (summoned) and a
friendly shadow imp (summoned).

Vanquished Creatures
  A howler monkey (D:3)
  A hound (D:4)
  A jelly (D:4)
  An orc priest (D:4)
  3 iguanas (D:4)
  6 orc wizards (D:4)
  5 adders (D:2)
  4 gnolls
  An ufetubus (D:4)
  3 worms
  2 dart slugs
  6 orcs (D:4)
  9 ball pythons
  4 endoplasms
  5 giant cockroaches
  3 goblins
  5 hobgoblins
  2 jackals
  7 kobolds
  4 bats
  A frilled lizard (D:1)
  4 rats
78 creatures vanquished.

Vanquished Creatures (collateral kills)
  A jackal (D:1)
1 creature vanquished.

Vanquished Creatures (others)
  An orc wizard (D:4)
  161 foxfires
162 creatures vanquished.

Grand Total: 241 creatures vanquished

Notes
Turn   | Place    | Note
-------+----------+-------------------------------------------
     0 | D:1      | Getoffmy the Demonspawn Fire Elementalist began the quest
                  | for the Orb.
     0 | D:1      | Reached XP level 1. HP: 13/13 MP: 3/3
    14 | D:1      | Reached skill level 3 in Fire Magic
    14 | D:1      | Gained mutation: A weak demonic guardian rushes to your
                  | aid. [demonic ancestry]
    14 | D:1      | Reached XP level 2. HP: 19/19 MP: 1/5
    79 | D:1      | You fall into a shaft and drop 1 floor!
   819 | D:2      | Reached XP level 3. HP: 22/24 MP: 2/6
  1081 | D:2      | Gained mutation: You are partially covered in molten
                  | scales. (AC +2) [demonic ancestry]
  1081 | D:2      | Reached XP level 4. HP: 30/30 MP: 1/7
  1415 | D:2      | Identified the +5 ring mail of Moanypt {rElec}
  1419 | D:2      | Learned a level 2 spell: Scorch
  1785 | D:3      | Reached skill level 4 in Fire Magic
  1785 | D:3      | Reached XP level 5. HP: 35/35 MP: 1/9
  2283 | D:4      | Gained mutation: You have a pair of small horns on your
                  | head. [demonic ancestry]
  2283 | D:4      | Reached XP level 6. HP: 37/41 MP: 1/10
  2623 | D:4      | Reached skill level 5 in Fire Magic
  2795 | D:4      | Gained mutation: You have a pair of horns on your head.
                  | [demonic ancestry]
  2795 | D:4      | Reached XP level 7. HP: 11/46 MP: 1/12
  2924 | D:4      | Found a runed translucent door.
  2924 | D:4      | Noticed senf's ghost (novice DsGl)
  3214 | D:4      | Found an iron altar of Okawaru.
  3334 | D:4      | Slain by senf's ghost

Illustrated notes

Levels and vault maps discovered:
D:1:      tarquinn_simple_flora_water_e, layout_loops_ring
D:2:      layout_basic
D:3:      layout_rooms
D:4:      layout_rooms, mainiacjoe_overflow_surrounded_room,
          gammafunk_ghost_grave, minmay_a_box_with_orc_wizards_in_it

Skill      XL: |  1  2  3  4  5  6 |
---------------+-------------------+-----
Fire Magic     | 3 4 5 |  5.5
Conjurations   | 2 3 |  3.7
Spellcasting   | 3 |  3.8
Dodging        | |  1.7
Stealth        | |  1.7

Action                     |  1- 3 |  4- 6 |  7- 9 || total
---------------------------+-------+-------+-------++-------
  Melee: Club              |    10 |       |       ||    10
         Dagger            |    20 |    47 |    27 ||    94
         Whip              |     1 |       |       ||     1
         Unarmed           |     1 |       |       ||     1
         Headbutt          |       |     2 |     3 ||     5
   Cast: Foxfire           |    30 |    47 |    12 ||    89
         Scorch            |       |    18 |     5 ||    23
   Stab: Sleeping          |     3 |     1 |     1 ||     5
 Armour: Robe              |    36 |    28 |    17 ||    81
  Dodge: Dodged            |    60 |    38 |    23 ||   121

Table legend: (Time is in decaauts)
 A = Elapsed time spent in this place.
 B = Non-inter-level travel time spent in this place.
 C = Inter-level travel time spent in this place.
 D = Time resting spent in this place.
 E = Time spent auto-exploring this place.
 F = Levels seen in this place.
 G = Mean time per level.
                   A        B        C        D        E       F      G
               +--------+--------+--------+--------+--------+-----+--------+
         Total |   3333 |   3262 |     71 |    660 |   1928 |   4 |  833.2 |
       Dungeon |   3333 |   3262 |     71 |    660 |   1928 |   4 |  833.2 |
               +--------+--------+--------+--------+--------+-----+--------+

Top non-repeatable levels by time:
     D:4: 1181 daAuts
     D:2: 768 daAuts
     D:1: 757 daAuts
     D:3: 626 daAuts
